Cogmind - Beta 12 X1 @@@ ROGUE MODE // 2022.07.22 @ 18:31:59 Player: Runia Result: Destroyed by 99-TNT with 99-TNT's Nukerbomber Performance ------------- Evolutions (1) 500 Regions Visited (6) 1200 Robots Destroyed (87) 435 Value Destroyed (2011) 2011 Prototype IDs (15) 300 Alien Tech Used (0) 0 Bonus (31) 31 TOTAL SCORE: 4477 Bonus ------- High Alert Combat Kills 31 Cogmind --------- Core Integrity 0/400 Matter 251/300 Energy 310/310 System Corruption 2% Temperature Cool (16) Movement Core (1800) Ox35 Location -8/Mines Parts ------- > --- POWER (1) -------- Reinforced Fission Core > --- PROPULSION (3) --- Advanced Myomer Leg Advanced Myomer Leg > --- UTILITY (3) ------ Huge Storage Unit Improved Targeting Computer Advanced Component Analysis Suite > --- WEAPON (2) ------- 8R-AWN's Boregun > --- INVENTORY (25) --- Light Treads Makeshift Leg Combat Antigrav System Experimental Heat Sink High-capacity Matter Pod (200) Advanced Visual Processing Unit Experimental Targeting Computer Experimental Core Analyzer Advanced Weapon Cycler Light Armor Plating Light Armor Plating 8R-AWN's Armor/EX High-powered Tractor Beam Heavy Particle Cannon Heavy Assault Rifle Heavy Assault Rifle Heavy Assault Rifle Heavy Assault Rifle Heavy Assault Rifle Grenade Launcher Rocket Launcher Rocket Launcher Peak State ------------ > --- POWER ------------ Reinforced Fission Core > --- PROPULSION ------- Light Treads Advanced Myomer Leg Advanced Myomer Leg > --- UTILITY ---------- Huge Storage Unit Improved Targeting Computer Advanced Component Analysis Suite > --- WEAPON ----------- 8R-AWN's Boregun 8R-AWN's Boregun > --- INVENTORY -------- Light Treads Makeshift Leg Combat Antigrav System Experimental Heat Sink High-capacity Matter Pod Advanced Visual Processing Unit Experimental Targeting Computer Experimental Core Analyzer Advanced Weapon Cycler Light Armor Plating Light Armor Plating 8R-AWN's Armor/EX High-powered Tractor Beam Heavy Particle Cannon Heavy Assault Rifle Heavy Assault Rifle Heavy Assault Rifle Heavy Assault Rifle Heavy Assault Rifle Grenade Launcher Rocket Launcher Rocket Launcher [Rating: 64] Favorites ----------- Power Improved Ion Engine Engine Improved Ion Engine Power Core Reinforced Fission Core Propulsion Light Treads Treads Light Treads Leg Advanced Myomer Leg Wheel Compact Wheel Utility Huge Storage Unit Device Heat Sink Storage Huge Storage Unit Processor Improved Targeting Computer Protection Medium Armor Plating Weapon Autogun Energy Gun EM Shotgun Ballistic Gun Autogun Launcher Grenade Launcher Special Weapon Plasma Cutter Build | -11 -10 -10 -9 -9 -9 -8 ------- Run | Scr Mat Min Mat Min Exi Min Slots Evolved 2 | . . . 2 . . . Power . | . . . . . . . Propulsion 1 | . . . 1 . . . Utility 1 | . . . 1 . . . Weapon . | . . . . . . . Parts Attached 95 | 2 14 13 19 9 33 5 Power 6 | . 1 1 1 1 2 . Engine 4 | . 1 . 1 1 1 . Core 2 | . . 1 . . 1 . Reactor . | . . . . . . . Propulsion 17 | 2 . 1 5 1 7 1 Treads 12 | 2 . . 4 1 4 1 Leg 3 | . . . . . 3 . Wheel 2 | . . 1 1 . . . Hover . | . . . . . . . Flight . | . . . . . . . Utility 15 | . 4 3 4 . 4 . Device 2 | . 1 . . . 1 . Storage 3 | . 2 1 . . . . Processor 1 | . . . 1 . . . Hackware . | . . . . . . . Protection 9 | . 1 2 3 . 3 . Artifact . | . . . . . . . Weapon 57 | . 9 8 9 7 20 4 Energy Gun 14 | . 7 5 2 . . . Energy Cannon . | . . . . . . . Ballistic Gun 27 | . . . 4 4 16 3 Ballistic Cannon . | . . . . . . . Launcher 14 | . 2 3 3 3 2 1 Special Weapon 2 | . . . . . 2 . Impact Weapon . | . . . . . . . Slashing Weapon . | . . . . . . . Piercing Weapon . | . . . . . . . Special Melee Weapon . | . . . . . . . Unidentified Prototypes 2 | . . . . . 2 . Parts Lost 28 | . 2 5 4 . 14 3 Power 2 | . . . . . 2 . Propulsion 12 | . . 1 3 . 6 2 Utility 6 | . . 2 1 . 3 . Weapon 8 | . 2 2 . . 3 1 Highest Loss Streak 13 | . 1 4 1 . 13 2 To Critical Strikes 8 | . . . . . 8 . Average Slot Usage (%) 98 | . 98 96 98 100 96 100 Engine 8 | . 14 8 9 11 5 . Core 2 | . . 5 1 . 5 11 Treads 23 | . 28 14 27 33 17 7 Leg 4 | . . . . . 13 25 Wheel 2 | . . 9 5 . . . Device 1 | . 8 . . . 1 11 Storage 11 | . 14 14 11 11 11 11 Processor 5 | . . . 1 11 11 11 Protection 11 | . 4 13 19 11 9 . Energy Gun 7 | . 27 26 . . . . Ballistic Gun 13 | . . . 21 21 17 20 Launcher 1 | . . 1 . . 4 1 Naked Turns . | . . . . . . . Heaviest Build 116 | 10 34 98 107 100 116 114 Greatest Support 80 | 40 40 40 60 60 80 60 Greatest Overweight (x) 29 | . . 6 6 1 29 1 Average Overweight (x) 1 | . . 4 2 1 1 1 Largest Inventory Capacity 25 | 8 15 25 25 25 25 25 Average Capacity 22 | 8 14 21 25 25 25 25 Most Carried 25 | 6 15 15 25 25 25 25 Average Carried 20 | 4 12 13 22 24 23 24 Final Capacity 25 | 8 15 25 25 25 25 25 Final Carried 25 | 2 15 13 25 25 25 24 Class Distribution -------------------- 68% | Scavenger-Mutant 31% | Mutant Dominant Class ---------------- Mutant | -10/Materials Mutant | -10/Mines Scavenger-Mutant | -9/Materials Scavenger-Mutant | -9/Mines Scavenger-Mutant | -9/Exiles Scavenger-Mutant | -8/Mines Resources | -11 -10 -10 -9 -9 -9 -8 ----------- Run | Scr Mat Min Mat Min Exi Min Matter Collected 3683 | 195 292 293 826 464 1549 64 Remotely . | . . . . . . . Salvage Created 2860 | . 554 261 1109 262 573 101 Parts 229 | . 42 19 88 14 63 3 Haulers Intercepted 4 | . 1 . 3 . . . Recyclers Shooed 4 | . 1 . 2 1 . . Parts Field Recycled . | . . . . . . . Retrieved Matter . | . . . . . . . Parts Self-Destructed . | . . . . . . . Prevented . | . . . . . . . Kills | -11 -10 -10 -9 -9 -9 -8 ------- Run | Scr Mat Min Mat Min Exi Min Combat Hostiles Destroyed 71 | . 12 21 21 9 5 3 Guns 29 | . 7 3 15 2 1 1 AOE 42 | . 5 18 6 7 4 2 Classes Destroyed 16 | . 7 3 3 1 2 . Worker 6 | . 2 1 2 1 . . Builder 2 | . . . 1 1 . . Tunneler 1 | . 1 . . . . . Hauler 4 | . 1 . 3 . . . Recycler 4 | . . 2 1 1 . . Operator 1 | . 1 . . . . . Turret 1 | . . . . . 1 . Watcher 5 | . 2 . 3 . . . Swarmer 12 | . 3 6 3 . . . Grunt 31 | . 9 1 11 7 . 3 Brawler 2 | . . . 1 1 . . Duelist 1 | . . . . 1 . . Sentry 6 | . . . 6 . . . Demolisher 2 | . . 2 . . . . Zionite 6 | . . . . . 6 . Assembled 16 | . . 12 . . 4 . Best Kill Streak 11 | . 8 11 9 7 4 3 Combat Bots Only 11 | . 5 11 3 5 4 3 Max Kills in Single Turn 4 | . 4 3 4 2 1 1 Gunslinging . | . . . . . . . Exploded 3 | . 3 3 3 1 1 1 Melee . | . . . . . . . Uniques/NPCs Destroyed 4 | . . . . . 4 . 8R-AWN (-9/Exiles) EX-BIN (-9/Exiles) EX-HEX (-9/Exiles) EX-DEC (-9/Exiles) Combat | -11 -10 -10 -9 -9 -9 -8 -------- Run | Scr Mat Min Mat Min Exi Min Damage Taken 4696 | . 527 806 659 163 1710 831 Core 700 | . 90 156 23 37 206 188 Absorbed by Shields . | . . . . . . . Regen/Repaired (Parts) 82 | . . . 82 . . . Core Remaining (%) 50 | 100 . 1 . . . . Volleys Fired 293 | . 38 26 74 20 127 8 Largest 2 | . 2 2 2 2 2 2 Hottest 90 | . 90 90 90 60 60 60 Shots Fired 551 | . 70 43 146 37 241 14 Gun 488 | . 64 34 142 22 215 11 Cannon . | . . . . . . . Launcher 45 | . 6 9 4 15 8 3 Special 18 | . . . . . 18 . Kinetic 388 | . . . 140 22 215 11 Thermal 35 | . 17 . . . 18 . Explosive 45 | . 6 9 4 15 8 3 Electromagnetic 83 | . 47 34 2 . . . Robot Hit Streak 27 | . 7 9 15 14 27 5 Robot Miss Streak 5 | . 5 4 5 1 4 1 Penetration Max 1 | . . . . . 1 . Secondary Targets 3 | . . 1 1 . 1 . Max Gunslinging Chain 1 | . . 1 1 . 1 . Shots Hit Robots 352 | . 44 20 92 25 162 9 Core Hits 197 | . 34 38 45 27 46 7 Critical Kills 4 | . . . . . 4 . Critical Parts Destroyed 9 | . . . . . 8 1 Critical Strikes 14 | . . . . . 12 2 Destroy 14 | . . . . . 12 2 Melee Attacks . | . . . . . . . Impact . | . . . . . . . Slashing . | . . . . . . . Piercing . | . . . . . . . Sneak Attacks . | . . . . . . . Combat Hostiles . | . . . . . . . Follow-up Attacks . | . . . . . . . Damage Inflicted 7966 | . 989 1357 1804 1181 2294 341 Guns 4648 | . 560 217 1447 276 2042 106 Cannons . | . . . . . . . Explosions 3307 | . 429 1140 357 905 241 235 Melee . | . . . . . . . Ramming . | . . . . . . . Kinetic 3871 | . . . 1447 276 2042 106 Thermal 249 | . 117 121 . . 11 . Explosive 3186 | . 429 1019 357 905 241 235 Electromagnetic 660 | . 443 217 . . . . Impact . | . . . . . . . Slashing . | . . . . . . . Piercing . | . . . . . . . Highest Corruption 2 | . . 2 . . 2 2 Average Corruption 1 | . . 2 . . 1 2 Corruption Purged . | . . . . . . . Corruption Blocked . | . . . . . . . Effects 24 | . . 14 . . 9 1 Message Errors 8 | . . 4 . . 4 . Matter Fused 4 | . . 2 . . 2 . Heat Flow Errors 3 | . . 2 . . 1 . Energy Discharges 4 | . . 2 . . 2 . Data Loss (minor) 3 | . . 3 . . . . Misfires 1 | . . . . . . 1 Alerts 1 | . . 1 . . . . Overload Shots . | . . . . . . . Overflow Damage 37 | . 14 17 . 6 . . Projectiles . | . . . . . . . Explosions 37 | . 14 17 . 6 . . Melee . | . . . . . . . Knockbacks . | . . . . . . . Impact . | . . . . . . . Kinetic . | . . . . . . . Secondary . | . . . . . . . Self-Inflicted Damage 277 | . 38 112 . . 73 54 Shots 13 | . 2 7 . . 2 2 Rammed . | . . . . . . . Targets Rammed . | . . . . . . . Kicked . | . . . . . . . Crushed . | . . . . . . . Highest Temperature 231 | . 129 215 85 16 231 52 Average Temperature 38 | . 43 68 25 5 37 29 Received Heat Transfer 810 | . 297 87 285 42 9 90 Siege Activations . | . . . . . . . Robots Corrupted . | . . . . . . . Combat Hostiles . | . . . . . . . Parts Fried . | . . . . . . . Impact Corruptions . | . . . . . . . Robots Melted . | . . . . . . . Combat Hostiles . | . . . . . . . Parts Melted . | . . . . . . . Heat Transferred 399 | . 250 50 . . 99 . Parts Sabotaged . | . . . . . . . Parts Stolen . | . . . . . . . Parts Stripped . | . . . . . . . Power Chain Reactions 3 | . . 3 . . . . Missiles Intercepted . | . . . . . . . Alert | -11 -10 -10 -9 -9 -9 -8 ------- Run | Scr Mat Min Mat Min Exi Min Peak Influence 452 | . 375 452 447 255 . 102 Initial 101 | . . 101 27 36 . . Average 199 | . 220 239 253 98 . 90 Maximum Alert Level 2 | . 1 2 2 1 . . Low Security (%) 52 | 100 41 44 39 79 . 100 Level 1 44 | . 58 54 51 20 . . Level 2 3 | . . 1 9 . . . Level 3 . | . . . . . . . Level 4 . | . . . . . . . Level 5 . | . . . . . . . High Security . | . . . . . . . Max Security . | . . . . . . . Squads Dispatched 5 | . 4 . 1 . . . Investigation 2 | . 2 . . . . . Extermination . | . . . . . . . Reinforcement 3 | . 2 . 1 . . . Assault . | . . . . . . . Garrison . | . . . . . . . Intercept . | . . . . . . . Searches Triggered . | . . . . . . . Construction Impeded . | . . . . . . . Haulers Reinforced . | . . . . . . . Active Scanning Responses . | . . . . . . . Cargo Convoy Interrupts . | . . . . . . . Stealth | -11 -10 -10 -9 -9 -9 -8 --------- Run | Scr Mat Min Mat Min Exi Min Distress Signals 2 | . 1 . 1 . . . Communications Jammed . | . . . . . . . Distress Signals . | . . . . . . . Times Spotted 131 | . 22 21 25 12 47 4 Peak Tracking Total 11 | . 6 10 4 3 11 4 Tactical Retreats 23 | . 2 1 . . 20 . Traps | -11 -10 -10 -9 -9 -9 -8 ------- Run | Scr Mat Min Mat Min Exi Min Traps Triggered . | . . . . . . . Indirectly . | . . . . . . . Trap Hack Attempts . | . . . . . . . Triggered . | . . . . . . . Disarmed 6 | . . . 6 . . . Reprogrammed . | . . . . . . . Reused . | . . . . . . . Traps Extracted . | . . . . . . . Installed . | . . . . . . . Triggered 1 | . 1 . . . . . Exploded 3 | . . . . . 3 . Machines | -11 -10 -10 -9 -9 -9 -8 ---------- Run | Scr Mat Min Mat Min Exi Min Machines Disabled 18 | . . 2 . . 16 . Max in Single Turn 1 | . . 1 . . 1 . Machines Sabotaged . | . . . . . . . Garrisons Compromised . | . . . . . . . Overloaded Fab Kills . | . . . . . . . Hacking | -11 -10 -10 -9 -9 -9 -8 --------- Run | Scr Mat Min Mat Min Exi Min Machines Accessed 15 | . 4 . 10 . 1 . Terminals 10 | . 3 . 7 . . . Fabricators . | . . . . . . . Repair Stations 1 | . . . 1 . . . Recycling Units 2 | . 1 . 1 . . . Scanalyzers 1 | . . . 1 . . . Garrison Access . | . . . . . . . Total Hacks 51 | . 11 . 39 . 1 . Successful 29 | . 7 . 21 . 1 . Failed 21 | . 4 . 17 . . . Catastrophic 1 | . . . 1 . . . Database Lockouts 1 | . . . 1 . . . Manual 30 | . 7 . 23 . . . Terminals 39 | . 10 . 29 . . . Fabricators . | . . . . . . . Repair Stations 7 | . . . 7 . . . Recycling Units 2 | . 1 . 1 . . . Scanalyzers 2 | . . . 2 . . . Garrison Access . | . . . . . . . Terminal Hacks 17 | . 6 . 10 . 1 . Record 1 | . . . . . 1 . Robot Analysis 5 | . 2 . 3 . . . Prototype ID Bank 3 | . 2 . 1 . . . Unreport Threat 1 | . . . 1 . . . Locate Traps 2 | . . . 2 . . . Disarm Traps 1 | . . . 1 . . . Patrol Status 1 | . . . 1 . . . Hauler Manifests 2 | . 1 . 1 . . . Zone Layout 1 | . 1 . . . . . Fabricator Hacks . | . . . . . . . Repair Station Hacks 5 | . . . 5 . . . Scan Component 3 | . . . 3 . . . Repair 2 | . . . 2 . . . Recycling Unit Hacks 1 | . . . 1 . . . Retrieve Components 1 | . . . 1 . . . Scanalyzer 2 | . . . 2 . . . Insert Component 1 | . . . 1 . . . Analyze 1 | . . . 1 . . . Garrison Access Hacks . | . . . . . . . Unauthorized Hacks 4 | . 1 . 3 . . . Terminals 3 | . . . 3 . . . Botnet 2 | . . . 2 . . . Operators 1 | . . . 1 . . . Fabricators . | . . . . . . . Repair Stations . | . . . . . . . Recycling Units 1 | . 1 . . . . . Tunnel 1 | . 1 . . . . . Scanalyzers . | . . . . . . . Garrison Access . | . . . . . . . Data Cores Recovered . | . . . . . . . Used . | . . . . . . . Hacking Detections 10 | . 3 . 7 . . . Full Trace Events 1 | . 1 . . . . . Feedback Events . | . . . . . . . Feedback Blocked . | . . . . . . . Robot Schematics Acquired . | . . . . . . . Robots Built . | . . . . . . . Authchips . | . . . . . . . Time . | . . . . . . . Total Robot Build Rating . | . . . . . . . Part Schematics Acquired 1 | . . . 1 . . . Parts Built . | . . . . . . . Authchips . | . . . . . . . Time . | . . . . . . . Total Part Build Rating . | . . . . . . . Parts Repaired 2 | . . . 2 . . . Time 58 | . . . 58 . . . Parts Recycled . | . . . . . . . Recycled Matter . | . . . . . . . Retrieved Matter . | . . . . . . . Retrieved Components 10 | . . . 10 . . . Parts Scanalyzed 1 | . . . 1 . . . Part Schematics Acquired 1 | . . . 1 . . . Parts Damaged . | . . . . . . . Bothacking | -11 -10 -10 -9 -9 -9 -8 ------------ Run | Scr Mat Min Mat Min Exi Min Used RIF Installer . | . . . . . . . Robots Hacked . | . . . . . . . Non-combat . | . . . . . . . Combat . | . . . . . . . Robot Hacks Applied . | . . . . . . . Relay Couplers Released . | . . . . . . . Fabnet Peak Effective % . | . . . . . . . Robots Rewired . | . . . . . . . Allies Hacked . | . . . . . . . Hacks Repelled . | . . . . . . . Allies | -11 -10 -10 -9 -9 -9 -8 -------- Run | Scr Mat Min Mat Min Exi Min Total Allies 1 | . . . . 1 . . Largest Group 1 | . . . . 1 . . Highest-Rated Group 31 | . . . . 31 . . Highest-Rated Ally 31 | . . . . 31 . . Total Orders . | . . . . . . . Ally Attacks . | . . . . . . . Total Damage . | . . . . . . . Kills . | . . . . . . . Allies Corrupted . | . . . . . . . Allies Melted . | . . . . . . . Intel | -11 -10 -10 -9 -9 -9 -8 ------- Run | Scr Mat Min Mat Min Exi Min Robot Analysis Total 5 | . 2 . 3 . . . Derelict Logs Recovered 2 | . . 2 . . . . Drone Launches . | . . . . . . . Drone Recoveries . | . . . . . . . Exploration | -11 -10 -10 -9 -9 -9 -8 ------------- Run | Scr Mat Min Mat Min Exi Min Turns Passed 8480 | 5 1189 1231 1821 1673 2499 62 Spaces Moved 3441 | 1 614 582 681 665 881 17 Core 1 | . . . . . 1 . Treads 2271 | 1 614 139 407 665 445 . Legs 452 | . . . . . 435 17 Wheels 717 | . . 443 274 . . . Hover . | . . . . . . . Flight . | . . . . . . . Fastest Speed 130 | 160 160 130 130 240 190 190 Average Speed 207 | 160 160 195 214 240 218 190 Slowest Speed 1500 | 160 160 240 240 240 1500 190 Overloaded Moves . | . . . . . . . Propulsion Burnouts . | . . . . . . . Robots Hopped . | . . . . . . . Cave-ins Triggered . | . . . . . . . Exploration Rate (%) 62 | 2 93 97 62 97 78 9 Regions Visited 6 Branch Regions 4 Pre-discovered Areas 3 | . 1 1 . . 1 . Known Exits Taken . | . . . . . . . Unknown Exits Taken 6 | 1 1 1 1 1 1 . Scrap Searched 2 | . . . . 2 . . Spaces Dug 7 | . 7 . . . . . Terrain Destroyed 308 | . 44 85 22 59 61 37 Melee . | . . . . . . . Projectile 28 | . . . . . 26 2 AOE 278 | . 44 85 22 59 33 35 Terrain Rammed . | . . . . . . . Walls Destroyed . | . . . . . . . Machines Disabled . | . . . . . . . Actions | -11 -10 -10 -9 -9 -9 -8 --------- Run | Scr Mat Min Mat Min Exi Min Total 4255 | 6 754 628 924 709 1201 33 Wait 292 | . 56 4 110 7 112 3 Move 3435 | . 613 581 680 664 880 17 Hop . | . . . . . . . Pick Up 84 | . 22 3 28 3 28 . Fast Attach 14 | . 2 1 5 1 5 . Attach 27 | 2 3 4 7 . 10 1 Detach . | . . . . . . . Swap 54 | . 9 8 7 8 18 4 Drop 56 | 4 11 1 13 6 21 . Fire 293 | . 38 26 74 20 127 8 Melee . | . . . . . . . Ram . | . . . . . . . Kick . | . . . . . . . Crush . | . . . . . . . Escape Stasis . | . . . . . . . Rewire . | . . . . . . . Trap . | . . . . . . . Miscellaneous . | . . . . . . . Route ------- -11/Scrapyard -10/Materials (discovered 4 exits: *Mat x3 / [*Min]) -10/Mines (discovered 2 exits: *Mat x2) -9/Materials (discovered 2 exits: [*Mat] / [*Min]) -9/Mines (discovered 4 exits: [*Mat x2] / *Exi / [*Zio]) -9/Exiles -8/Mines History --------- Turn | Location | Event 6 | -11/Scrapyard | Discovered new exit (range 0) 6 | -11/Scrapyard | Entered Materials 265 | -10/Materials | Discovered new exit (range 15) 310 | -10/Materials | Build established: Mutant 337 | -10/Materials | Discovered new exit (range 12) 670 | -10/Materials | Discovered new exit (range 16) 1051 | -10/Materials | Discovered new exit (range 5) 1195 | -10/Materials | Entered Mines 1197 | -10/Mines | Met a Derelict bent on vengeance 1209 | -10/Mines | Assembled infested the area 1229 | -10/Mines | Core integrity fell below 50% 1258 | -10/Mines | Destroyed 11 combat bots 1442 | -10/Mines | Core integrity fell below 20% 1470 | -10/Mines | Lost 4 parts (2u2w) 1493 | -10/Mines | Found a hidden stash of uninstalled traps 1517 | -10/Mines | Learned Materials terminal intel 2054 | -10/Mines | Learned location of Storage (-8) 2295 | -10/Mines | Discovered new exit (range 8) 2361 | -10/Mines | Discovered new exit (range 11) 2426 | -10/Mines | Entered Materials 2426 | -9/Materials | Evolved 2 slots: Propulsion x1, Utility x1 2427 | -9/Materials | Loaded intel: 12 terminal locations 2780 | -9/Materials | Repaired Med. Armor Plating 2807 | -9/Materials | Repaired Grenade Launcher 2848 | -9/Materials | Build established: Scavenger-Mutant 3179 | -9/Materials | Central database locked down 3948 | -9/Materials | Discovered new exit (range 11) 4183 | -9/Materials | Discovered new exit (range 15) 4247 | -9/Materials | Entered Mines 4500 | -9/Mines | Discovered new exit (range 14) 4548 | -9/Mines | Joined a pair of Derelicts in attacking an 0b10 outpost 4760 | -9/Mines | Discovered new exit (range 10) 4771 | -9/Mines | Escorted by a lone wolf Derelict 4874 | -9/Mines | A Derelict revealed a hidden shortcut to a safe place 4959 | -9/Mines | Deemed a non-threat by the Exiles lab entrance 4959 | -9/Mines | Discovered new exit (range 5) 5183 | -9/Mines | A weapon hastily lodged in a ceiling crevice suddenly fell to the ground 5920 | -9/Mines | Entered Exiles 5920 | -9/Exiles | Accompanied by 1 ally 5980 | -9/Exiles | Met 8R-AWN 6021 | -9/Exiles | Met EX-HEX 6112 | -9/Exiles | Met EX-DEC 6132 | -9/Exiles | Learned location of Zion (-7) 6218 | -9/Exiles | Discovered new exit (range 14) 6954 | -9/Exiles | Attacked by the Exiles 7182 | -9/Exiles | Core integrity fell below 50% 7199 | -9/Exiles | Destroyed 8R-AWN 7216 | -9/Exiles | Lost 13 parts (2p6n2u3w) 7227 | -9/Exiles | Found Prototype Ballistic Gun 7232 | -9/Exiles | Found Prototype Ballistic Gun 7246 | -9/Exiles | Found Prototype Processor 7249 | -9/Exiles | Found Prototype Device 7252 | -9/Exiles | Found Prototype Protection 7300 | -9/Exiles | Identified 8R-AWN's Boregun (x2) 7777 | -9/Exiles | Destroyed EX-BIN 7808 | -9/Exiles | Destroyed EX-HEX 7937 | -9/Exiles | Destroyed EX-DEC 7952 | -9/Exiles | Found Prototype Processor 7984 | -9/Exiles | Identified Exp. Targeting Computer 7988 | -9/Exiles | Identified AS-neutralizer No. 17b 8000 | -9/Exiles | Identified Exp. Core Analyzer 8044 | -9/Exiles | Identified 8R-AWN's Armor/EX 8419 | -9/Exiles | Entered Mines 8477 | -8/Mines | 99-TNT came to Exiles' defense 8479 | -8/Mines | Core integrity fell below 20% 8481 | -8/Mines | Destroyed by 99-TNT with 99-TNT's Nukerbomber Last Messages --------------- 08421_ G-47 Trooper destroyed. 08431_ Mak. Leg destroyed. 08434_ G-50 Soldier destroyed. 08442_ Acquired 36 matter. 08444_ Acquired 28 matter. 08445_ The unstable cave ceiling collapses. 08454_ System corrupted: FCS attempts to trigger Hvy. Assault Rifle. 08454_ System corrupted: Hvy. Assault Rifle misfires. 08477_ 99-TNT: "I came as fast as I could... Wait, it was you!" 08477_ HV Slug penetrates 99-TNT. 08477_ 99-TNT suffers critical hit (Destroy). 08477_ HV Slug penetrates Wall. 08480_ HV Slug penetrates 99-TNT. 08480_ HV Slug penetrates Wall. 08480_ HV Slug penetrates 99-TNT. 08480_ 99-TNT suffers critical hit (Destroy). 08480_ Destroyed Prototype Device. 08480_ HV Slug penetrates Wall. 08481_ 8R-AWN's Boregun destroyed. 08481_ Lgt. Treads destroyed. Map ----- +----------------------------------------------------+ | | | | | | | | | | | | | | | | | | | | | | | | | | | | | | | | | | | | | | | ??????????????????????????????????????????????? | | ??????????????????????????????????????????????? | | ???###?????###?????###?####???????????????????? | | ??## ##?### ##???## # #???????????????????? | | ??# ### ##### ##??????????????????? | | ??# ## #??????????????????? | | ???# @ #???????????????????? | | ????# * ### d #??????????????? | | ????## #?# #??????????????? | | ?????# [ % # ##?# ##??????????????? | | ?????# ###??### ##???????????????? | | ?????# # #??????### ##????????????????? | | ?????## #?????????### #?????????????????? | | ????? #####???????????? ?????????????????? | | ????# ????????????????? ????????????????? | | ????## ????????????????? ???????????????? | | ?????## ????????????????? #??????????????? | | ??????# ?????????????????# ??????????????? | | ??????# ??????????????????# ??????????????? | | ?????? ??????????????????????????????????? | | ?????? ??????????????????????????????????? | | ??????# #???????????????????????????????????? | | ??????####????????????????????????????????????? | | ??????????????????????????????????????????????? | | ??????????????????????????????????????????????? | | ??????????????????????????????????????????????? | | ??????????????????????????????????????????????? | | ??????????????????????????????????????????????? | | ??????????????????????????????????????????????? | | ??????????????????????????????????????????????? | | ??????????????????????????????????????????????? | +----------------------------------------------------+ Best States ------------- Heat Dissipation 35 Energy Generation 19 Energy Capacity 310 Matter Stores 300 Matter Capacity 300 Sight Range 16 Terrain Scan Density 10 Armor Coverage 450 Evasion (%) 40 Targeting Accuracy 6 Recoil Reduction 3 Item Schematics ----------------- Lrg. Storage Unit | -9/Materials | Scanalyzed Robot Schematics ------------------ None Fabricated ------------ Nothing Alien Tech Used ----------------- None Achievements -------------- None Challenges ------------ None Game ------ Seed CouplerAngularNeutralizer Manual? 0 Play Time 00:37:16 Cumulative 632.0 hours Start 2022.07.22 @ 17:48:37 End 2022.07.22 @ 18:31:59 Sessions 1 Manual Loads 0 Difficulty Rogue Special Mode None Game No. 592 Rogue 592 Adventurer 0 Explorer 0 Win Type - Total 23 Types 10/4/5/1/1/0/1/1/0 Lore% 90 Gallery% 95 Achievement% 77 Wizard Run 0 Options --------- ASCII 0 Keyboard 0 Movement Mouse Keybinds 1 Fullscreen 2 Font 24/Smallcaps Map View 76x50 Tactical HUD 1 Map Filters NONE Filters NONE Steam 1 RUN: 89958629-e767-4097-a980-f009e3f4900f